 Dungeon Crawl Stone Soup version 0.19.4-8-ga85b6b9 (webtiles) character file.

65 JNO the Charmwright (level 3, 0/25 HPs)
             Began as a High Elf Skald on Feb 12, 2017.
             Slain by an adder (1 damage)
             ... on level 2 of the Dungeon.
             The game lasted 00:10:43 (1938 turns).

JNO the Charmwright (High Elf Skald)                Turns: 1938, Time: 00:10:46

Health: 0/25       AC:  3    Str: 12    XL:     3   Next: 92%
Magic:  7/8        EV: 11    Int: 16    God:
Gold:   60         SH:  3    Dex: 14    Spells: 2 memorised, 5 levels left

rFire  . . .     SeeInvis .     h - +0 dagger (speed)
rCold  . . .     Gourm    .     b - +0 leather armour
rNeg   . . .     Faith    .     o - +0 buckler
rPois  .         Spirit   .     (no helmet)
rElec  .         Reflect  .     (no cloak)
rCorr  .         Harm     .     (no gloves)
MR     .....                    (no boots)
Stlth  +.........               (no amulet)
                                (no ring)
                                (no ring)

@: lethally poisoned (0 -> -9), singing
A: no striking features
a: Stop Singing


You were on level 2 of the Dungeon.
You were hungry.

You visited 1 branch of the dungeon, and saw 2 of its levels.

You collected 60 gold pieces.

Inventory:

Hand Weapons
 a - a +0 falchion
 h - a +0 dagger of speed (weapon)
Armour
 b - a +0 leather armour (worn)
 o - a +0 buckler (worn)
Scrolls
 e - 2 scrolls of teleportation {unknown}
 g - a scroll of enchant weapon {unknown}
 k - 2 scrolls of enchant armour {unknown}
 m - 2 scrolls of recharging {unknown}
 p - 2 scrolls of identify {unknown}
Potions
 j - a potion of heal wounds {unknown}
 n - a potion of curing {unknown}
Books
 c - a book of Battle

   Spells                             Type                      Level
   a - Infusion                       Charms                       1
   b - Shroud of Golubria             Charms/Translocation         2
   c - Song of Slaying                Charms                       2
   d - Spectral Weapon                Hexes/Charms                 3
   e - Regeneration                   Charms/Necromancy            3
Comestibles
 d - 3 bread rations
 f - a meat ration
 i - a beef jerky
 l - a slice of pizza


   Skills:
 + Level 2.5 Fighting
 + Level 1.3(2.1) Short Blades
 - Level 2.5(2.7) Long Blades
 + Level 1.3 Armour
 - Level 1.3 Dodging
 - Level 3.0 Spellcasting
 + Level 4.3 Charms


You had 5 spell levels left.
You knew the following spells:

 Your Spells              Type           Power        Failure   Level  Hunger
a - Infusion              Chrm           ###.         10%         1    #......
b - Song of Slaying       Chrm           ###.....     12%         2    ##.....


Dungeon Overview and Level Annotations

Branches:
Dungeon (2/15)

Altars:


Message History

You block the adder's attack. The adder closely misses you.
You are feeling hungry.
Your shield prevents you from hitting the adder.
The adder is lightly wounded.
The adder bites you. x2
You are poisoned.
The adder poisons you! You block the goblin's attack.
You hit the adder.
The adder is heavily wounded.
You feel sick. You block the adder's attack. The adder bites you.
You are more poisoned.
The adder poisons you!
You hit the adder.
The adder is severely wounded.
The goblin hits you with a spear.
* * * LOW HITPOINT WARNING * * *
The adder bites you.
* * * LOW HITPOINT WARNING * * *
The adder bites you.
You die...

# ..
#.######### #
#.<.......#
#.#...†.†##.#
#.######.##
..
#.........#
.h.
#......S###
...
#....##@S.#
##
#....##g#.#
#....'..#...
#....#### ###
#######....#
#..........#
#.#######'##
#.# #.# #.#
#.#


You could see 2 adders and a goblin.

Vanquished Creatures
  An adder (D:2)
  2 dart slugs (D:1)
  4 bats
  3 giant cockroaches
  10 goblins (D:1)
  6 hobgoblins
  6 jackals
  A quokka (D:2)
  3 frilled lizards (D:1)
  4 kobolds
  6 rats (D:1)
46 creatures vanquished.

Notes
Turn   | Place    | Note
-------+----------+-------------------------------------------
     0 | D:1      | JNO the High Elf Skald began the quest for the Orb.
     0 | D:1      | Reached XP level 1. HP: 14/14 MP: 4/4
   323 | D:1      | Reached XP level 2. HP: 19/19 MP: 3/6
   365 | D:1      | Reached skill level 4 in Charms
   405 | D:1      | Reached skill level 1 in Armour
   856 | D:1      | Reached XP level 3. HP: 22/25 MP: 4/8
   889 | D:1      | Reached skill level 1 in Short Blades
  1908 | D:1      | Learned a level 2 spell: Song of Slaying
  1938 | D:2      | HP: 1/25 [adder (4)]
  1938 | D:2      | Slain by an adder

Skill      XL: |  1  2  3 |
---------------+----------+-----
Charms         | 4 |  4.3
Armour         | 1 |  1.3
Short Blades   | 1 |  1.3
Spellcasting   | 3 |  3.0
Fighting       | |  2.5
Long Blades    | |  2.5
Dodging        | |  1.3

Action                   || total
-------------------------++-------
Melee: Falchion          ||    25
       Dagger            ||   124
 Cast: Infusion          ||    22
       Song of Slaying   ||     1
  Eat: Chunk             ||     3
Armor: Leather armour    ||    32
Dodge: Dodged            ||    74
Block: Buckler           ||    14
       Rpst.: Falchion   ||     8
